 Dungeon Crawl Stone Soup version 0.28-a0-1236-gb25a51b929 (webtiles) character file.

Game seed: 12211908663446052682

73 enile the Twirler (level 4, -1/30 HPs)
             Began as an Octopode Wanderer on Dec 26, 2021.
             Was a Believer of Cheibriados.
             Slain by a ball python (3 damage)
             ... on level 3 of the Dungeon.
             The game lasted 00:03:32 (2583 turns).

enile the Twirler (Octopode Wanderer)               Turns: 2583, Time: 00:03:33

Health: -1/30      AC:  1    Str: 16    XL:     4   Next: 27%
Magic:  14/14      EV: 14    Int: 19    God:    Cheibriados [**....]
Gold:   48         SH:  0    Dex: 15    Spells: 5/5 levels left

rFire   . . .      SeeInvis .   g - +0 dagger (venom)
rCold   . . .      Faith    .   (no shield)
rNeg    . . .      Spirit   .   b - +0 hat
rPois   .          Reflect  .   (no amulet)
rElec   .          Harm     .   c - ring of magical power
rCorr   .          Rampage  .   (no ring)
Will    .....                   (no ring)
Stlth   ++........              (no ring)
HPRegen 0.10/turn               (no ring)
MPRegen 0.14/turn               (no ring)
                                (no ring)
                                (no ring)

@: very slow
A: almost no armour, amphibious, 8 rings, camouflage 1, gelatinous body 1,
(nimble swimmer 1), tentacles
a: Renounce Religion, Bend Time


You were on level 3 of the Dungeon.
You worshipped Cheibriados.
Cheibriados was pleased with you.
You visited 1 branch of the dungeon, and saw 3 of its levels.

You collected 48 gold pieces.

Inventory:

Hand Weapons
 a - a +2 quarterstaff
 g - a +0 dagger of venom (weapon)
Missiles
 h - 3 stones
 m - 15 poisoned darts (quivered)
Armour
 b - a +0 hat (worn)
Jewellery
 c - a ring of magical power (left tentacle)
Scrolls
 d - a scroll of fog
 l - a scroll of vulnerability {unknown}
Potions
 e - a potion of lignification {unknown}
 i - a potion of heal wounds {unknown}
 k - a potion of attraction {unknown}
 n - a potion of resistance {unknown}
 o - a potion of curing {unknown}


   Skills:
 + Level 2.7 Fighting
 - Level 1.0 Short Blades
 - Level 4.0 Staves
 - Level 3.0 Dodging
 - Level 1.0 Spellcasting
 - Level 1.0 Necromancy
 - Level 1.0 Invocations


You had 5 spell levels left.
You didn't know any spells.
Your spell library contained the following spells:

 Spells                   Type           Power      Damage    Failure   Level
 Sublimation of Blood     Necr           4%         N/A       19%         2
 Corpse Rot               Necr/Air       4%         N/A       22%         2
 Petrify                  Tmut/Erth      0%         N/A       88%         4
 Irradiate                Conj/Tmut      0%         3d14      99%         5


Dungeon Overview and Level Annotations

Branches:
Dungeon (3/15)

Altars:
Cheibriados

Shops:
D:1 ?[


Innate Abilities, Weirdness & Mutations

You cannot wear most types of armour.
You are amphibious.
You can wear up to eight rings at the same time.
Your skin changes colour to match your surroundings (Stealth+).
Your rubbery body absorbs attacks. (AC +1, EV +1)
((You are camouflaged when in or above water. (Stealth+)))
You have tentacles for arms and can constrict up to eight enemies at once.


Message History

The howler monkey hits you.
* * * LOW HITPOINT WARNING * * *
The orc wizard gestures wildly while chanting.
The orc wizard flickers and vanishes!
Deactivating autopickup; reactivate with Ctrl-A.
The howler monkey closely misses you. The howler monkey misses you.
The howler monkey closely misses you. The howler monkey barely misses you.
The howler monkey hoots and howls with incredible vigour!
You hear a shout!
The ball python closely misses you. The ball python grabs you.
The ball python constricts you.
You escape the ball python's grasp.
The ball python misses you. The ball python barely misses you.
Really wriggle into that dispersal trap?
You enter a dispersal trap!
The ball python blinks!
The howler monkey blinks!
The ball python blinks!
The orc blinks!
You blink.
The howler monkey hoots and howls with incredible vigour!
You hear an angry hiss.
You hit the orc.
The orc is poisoned.
You grab the orc.
The orc is heavily wounded.
You constrict the orc.
You kill the orc!
Cheibriados thoroughly appreciates the change of pace.
A puff of flame appears from out of thin air!
The puff of flame misses you. The howler monkey hits you.
* * * LOW HITPOINT WARNING * * *
As you read the scroll labelled ZOUMPO BATUHUFF, it crumbles to dust.
It is a scroll of identify.
d - a scroll of fog The howler monkey hoots and howls with incredible vigour!
You hear an angry hiss.
You hear a shout!
As you read the scroll labelled XOCITHR VUOFOY, it crumbles to dust.
You hear a loud clanging noise!
It was a scroll of noise.
The howler monkey hits you.
* * * LOW HITPOINT WARNING * * *
The ball python bites you.
You die...

##.....##.....##
##..............##
#................#
#................#
#.^..............#
#...o............#
#................#
#...S.)......)...#
##.@h.......†..<##
##.....##.....##
##############


You could see a howler monkey, an orc and a ball python.

Vanquished Creatures
  2 adders (D:2)
  A dart slug (D:2)
  An orc (D:3)
  7 bats (D:1)
  5 endoplasms
  3 giant cockroaches (D:1)
  3 goblins
  7 hobgoblins
  4 jackals (D:2)
  3 quokkas
  5 ball pythons
  A frilled lizard (D:1)
  2 kobolds (D:1)
44 creatures vanquished.

Notes
Turn   | Place    | Note
-------+----------+-------------------------------------------
     0 | D:1      | enile the Octopode Wanderer began the quest for the Orb.
     0 | D:1      | enile set off with the following items: a +2 quarterstaff,
                  | a +0 hat; and the following spells available to memorise:
                  | Sublimation of Blood, Corpse Rot
     0 | D:1      | Reached XP level 1. HP: 13/13 MP: 2/2
   447 | D:1      | Reached XP level 2. HP: 18/18 MP: 3/3
   554 | D:1      | Found Qeuwa's Magic Scroll Shop.
   802 | D:1      | Found Doecyx's Armour Emporium.
   824 | D:1      | Found Woezas's Book Shoppe.
   937 | D:1      | Reached XP level 3. HP: 24/24 MP: 4/4
  1281 | D:2      | Found a faded altar of an unknown god.
  1287 | D:2      | Prayed at the altar of an unknown god.
  1287 | D:2      | Became a worshipper of Cheibriados the Contemplative
  1287 | D:2      | Reached * piety under Cheibriados
  1383 | D:2      | Reached skill level 4 in Staves
  1486 | D:2      | Reached skill level 1 in Short Blades
  2108 | D:2      | Reached XP level 4. HP: 25/30 MP: 5/5
  2126 | D:2      | Reached ** piety under Cheibriados
  2583 | D:3      | Slain by a ball python

Illustrated notes

Levels and vault maps discovered:
D:1:      co_arrival_square_in_a_square_in_a_square, layout_loops_ring,
          serial_shops, shop, nicolae_diamond_shop, nicolae_diamond_shop,
          minmay_misc_feat_chi
D:2:      layout_loops_cross, shapermc_ecumenical_altar_mp_highgroup,
          kennysheep_generic_room_16
D:3:      layout_rooms, mainiacjoe_overflow_alcove_1, item_on_display_a

Skill      XL: |  1  2  3 |
---------------+----------+-----
Fighting       | 2 |  2.7
Staves         | 4 |  4.0
Short Blades   | 1 |  1.0
Dodging        | |  3.0
Spellcasting   | |  1.0
Necromancy     | |  1.0
Invocations    | |  1.0

Action                   |  1- 3 |  4- 6 || total
-------------------------+-------+-------++-------
Melee: Quarterstaff      |    38 |       ||    38
       Constrict         |    16 |     9 ||    25
       Tentacles         |     7 |     6 ||    13
       Dagger            |    23 |    29 ||    52
Throw: Dart              |     3 |       ||     3
  Use: Scroll            |       |     2 ||     2
 Stab: Sleeping          |     8 |       ||     8
Armor: Skin              |     7 |     1 ||     8
Dodge: Dodged            |    49 |    25 ||    74

Table legend: (Time is in decaauts)
 A = Elapsed time spent in this place.
 B = Non-inter-level travel time spent in this place.
 C = Inter-level travel time spent in this place.
 D = Time resting spent in this place.
 E = Time spent auto-exploring this place.
 F = Levels seen in this place.
 G = Mean time per level.
                   A        B        C        D        E       F      G
               +--------+--------+--------+--------+--------+-----+--------+
         Total |   2839 |   2788 |     51 |      0 |   2429 |   3 |  946.3 |
       Dungeon |   2839 |   2788 |     51 |      0 |   2429 |   3 |  946.3 |
               +--------+--------+--------+--------+--------+-----+--------+

Top non-repeatable levels by time:
     D:2: 1474 daAuts
     D:1: 1285 daAuts
     D:3: 80 daAuts
